 Dungeon Crawl Stone Soup version 0.24.0-1-gfbc8707 (webtiles) character file.

Game seed: 596265264969033168, levelgen mode: deterministic

65 Buxparty the Poker (level 4, 0/37 HPs)
             Began as a Merfolk Fighter on Dec 30, 2019.
             Succumbed to an adder's poison
             ... on level 2 of the Dungeon.
             The game lasted 00:03:21 (1759 turns).

Buxparty the Poker (Merfolk Fighter)                Turns: 1759, Time: 00:03:22

Health: 0/37       AC:  7    Str: 17    XL:     4   Next: 13%
Magic:  4/4        EV: 10    Int:  7    God:
Gold:   46         SH:  0    Dex: 13    Spells: 3/3 levels left

rFire    . . .     SeeInvis .   a - +0 trident
rCold    . . .     Gourm    .   (no shield)
rNeg     . . .     Faith    .   b - +0 scale mail
rPois    .         Spirit   .   (no helmet)
rElec    .         Reflect  .   (no cloak)
rCorr    .         Harm     .   (no gloves)
MR       .....                  g - +0 pair of boots
Stlth    ..........             (no amulet)
HPRegen  0.12/turn              (no ring)
MPRegen  0.09/turn              (no ring)

@: lethally poisoned (0 -> -4)
A: change form in water, swift swim, stealthy swim
a: no special abilities


You were on level 2 of the Dungeon.
You were not hungry.

You visited 1 branch of the dungeon, and saw 2 of its levels.

You collected 46 gold pieces.

Inventory:

Hand Weapons
 a - a +0 trident (weapon)
Armour
 b - a +0 scale mail (worn)
 c - a +0 shield
 g - a +0 pair of boots (worn)
Scrolls
 h - 2 scrolls of amnesia {unknown}
 i - a scroll of noise {unknown}
 l - a scroll of fear {unknown}
 m - a scroll of enchant armour {unknown}
 o - a scroll of remove curse {unknown}
Potions
 d - a potion of might
 e - 4 potions of curing {unknown}
 j - a potion of flight {unknown}
 k - a potion of haste {unknown}
Comestibles
 f - 3 rations
 n - a chunk of flesh


   Skills:
 + Level 3.8 Fighting
 * Level 4.8 Polearms
 - Level 2.3 Armour
 * Level 1.2 Dodging
 - Level 3.2 Shields


You had 3 spell levels left.
You didn't know any spells.
Your spell library was empty.

Dungeon Overview and Level Annotations

Branches:
Dungeon (2/15)

Altars:


Message History

You feel sick.
* * * LOW HITPOINT WARNING * * *
You feel sick.
You see here a bat skeleton.
* * * LOW HITPOINT WARNING * * *
You feel sick. The adder bites you.
* * * LOW HITPOINT WARNING * * *
The adder bites you but does no damage.
* * * LOW HITPOINT WARNING * * *
You feel sick.
There is an open door here.
* * * LOW HITPOINT WARNING * * *
You feel sick. The adder misses you.
* * * LOW HITPOINT WARNING * * *
You feel sick.
* * * LOW HITPOINT WARNING * * *
You feel sick. The adder bites you.
* * * LOW HITPOINT WARNING * * *
You die...

.........................#.# .# #
....#########.############.##.#.#
#############.############.##.#.#
#.......................... ####
#.######....####.##......#
...###.######....# #.##......#
..............#### #.##......#
..)###.##############.##.÷....###
##....>.........@.SS.Sg'..÷...(..
........#.###########.##.......##
##.###..#..# #.####..<..#
#<.........# #.# #.....#
##.#....#..## #.# #.....#
##.#....#[..# #.# #.....#
##.#....#.#.# #.# #.....#
...#....#.#.## #.# #######
........#.#..# #.#


You could see 3 adders and a goblin.

Vanquished Creatures
  2 adders (D:2)
  A worm (D:2)
  2 leopard geckos
  2 bats (D:2)
  A giant cockroach (D:2)
  7 goblins
  7 hobgoblins
  3 jackals (D:1)
  A quokka (D:2)
  2 ball pythons (D:1)
  2 frilled lizards
  4 kobolds
  4 rats
38 creatures vanquished.

Notes
Turn   | Place    | Note
-------+----------+-------------------------------------------
     0 | D:1      | Buxparty the Merfolk Fighter began the quest for the Orb.
     0 | D:1      | Reached XP level 1. HP: 18/18 MP: 1/1
   190 | D:1      | Reached XP level 2. HP: 21/24 MP: 2/2
   895 | D:2      | Reached skill level 4 in Polearms
   895 | D:2      | Reached skill level 1 in Dodging
   895 | D:2      | Reached XP level 3. HP: 29/29 MP: 3/3
  1310 | D:2      | Reached XP level 4. HP: 25/37 MP: 4/4
  1757 | D:2      | HP: 1/37 [adder (3)]
  1759 | D:2      | Succumbed to an adder's poison

Levels and vault maps discovered:
D:1:      minmay_arrival_four_houses, layout_basic, minmay_heptomino_o4
D:2:      layout_basic

Skill      XL: |  1  2 |
---------------+-------+-----
Polearms       | 4 |  4.8
Dodging        | 1 |  1.2
Fighting       | |  3.8
Armour         | |  2.3
Shields        | |  3.2

Action                   |  1- 3 |  4- 6 || total
-------------------------+-------+-------++-------
Melee: Trident           |   150 |    28 ||   178
  Eat: Chunk             |     1 |     2 ||     3
Armor: Scale mail        |    60 |    16 ||    76
Dodge: Dodged            |    73 |    22 ||    95
Block: Shield            |    24 |       ||    24
